 Dungeon Crawl Stone Soup version 0.25-a0-730-g633e9c3c14 (webtiles) character file.

Game seed: 18173528626219398204, levelgen mode: deterministic

18158 kae the Grappler (level 12, -1/103 HPs)
             Began as a Green Draconian Transmuter on Apr 7, 2020.
             Was an Elder of Wu Jian.
             Slain by a wolf (7 damage)
             ... on level 1 of the Lair of Beasts.
             The game lasted 00:20:51 (15966 turns).

kae the Grappler (Green Draconian Transmuter)      Turns: 15966, Time: 00:20:51

Health: -1/103     AC: 10    Str: 16    XL:     12   Next: 25%
Magic:  0/25       EV: 12    Int: 14    God:    Wu Jian [****..]
Gold:   513        SH:  0    Dex: 13    Spells: 14/29 levels left

rFire    . . .     SeeInvis .     - Unarmed
rCold    + . .     Gourm    .   (shield currently unavailable)
rNeg     . . .     Faith    .   (armour unavailable)
rPois    +         Spirit   +   (helmet restricted)
rElec    .         Reflect  .   q - scarf {cloud immunity}
rCorr    .         Harm     .   (gloves currently unavailable)
MR       .....                  m - +1 pair of boots
Stlth    +.........             d - amulet of guardian spirit
HPRegen  0.27/turn              C - ring of wizardry
MPRegen  0.19/turn              I - ring of protection from cold

@: about to teleport, blade hands
A: breathe noxious fumes, unfitting armour, poison resistance, cold-blooded, AC
+8
a: Breathe Noxious Fumes, End Transformation, Wall Jump, Serpent's Lash,
Renounce Religion


You were on level 1 of the Lair of Beasts.
You worshipped Wu Jian.
Wu Jian was greatly pleased with you.
You were not hungry.
You had blades for hands.
You visited 2 branches of the dungeon, and saw 12 of its levels.

You collected 513 gold pieces.

Inventory:

Hand Weapons
 n - a +5 whip of freezing
Missiles
 a - 245 arrows
Armour
 m - a +1 pair of boots (worn)
 q - a scarf of cloud immunity (worn)
 v - a +1 pair of gloves (melded)
Jewellery
 d - an amulet of guardian spirit (around neck)
 g - an uncursed ring of protection from magic
 p - an uncursed amulet of the acrobat
 r - an uncursed ring of positive energy
 t - an uncursed amulet of harm
 y - an uncursed ring of resist corrosion
 C - a ring of wizardry (left scythe-like blade)
 I - a ring of protection from cold (right scythe-like blade)
Wands
 i - a wand of digging (5)
 u - a wand of paralysis (8)
 B - a wand of acid (9)
 G - a wand of clouds (5)
 J - a wand of enslavement (10)
Scrolls
 b - a scroll of immolation
 f - 10 scrolls of remove curse
 j - 2 scrolls of magic mapping
 k - a scroll of enchant armour
 F - a scroll of enchant weapon
Potions
 o - 2 potions of mutation
 s - 2 potions of flight
 w - 3 potions of berserk rage {unknown}
 x - a potion of haste
 z - 2 potions of resistance {unknown}
 A - 2 potions of magic {unknown}
 D - a potion of cancellation {unknown}
 H - 2 potions of brilliance {unknown}
Comestibles
 c - 17 rations


   Skills:
 + Level 8.8 Fighting
 - Level 1.7 Dodging
 - Level 13.0 Unarmed Combat
 - Level 9.0 Spellcasting
 - Level 10.0 Transmutations


You had 14 spell levels left.
You knew the following spells:

 Your Spells              Type           Power        Failure   Level  Hunger
a - Beastly Appendage     Tmut           ####..       3%          1    None
b - Sticks to Snakes      Tmut           ####....     4%          2    None
c - Spider Form           Tmut/Pois      ###.......   12%         3    ##.....
d - Ice Form              Ice/Tmut       ###.....     26%         4    ####...
e - Blade Hands           Tmut           ####......   14%         5    #####..

Your spell library contained the following spells:

 Spells                   Type           Power        Failure   Level  Hunger
 Foxfire                  Conj/Fire      #...         22%         1    None
 Magic Dart               Conj           #...         22%         1    None
 Shock                    Conj/Air       #...         22%         1    None
 Petrify                  Tmut/Erth      ###.....     26%         4    ####...
 Blink                    Tloc           N/A          28%         2    None
 Call Imp                 Summ           #.......     28%         2    None
 Slow                     Hex            #.......     28%         2    None
 Swiftness                Chrm/Air       #.......     28%         2    None
 Confusing Touch          Hex            #.......     43%         3    ##.....
 Conjure Flame            Conj/Fire      #.......     43%         3    ##.....
 Gell's Gravitas          Tloc           #.........   43%         3    ##.....
 Inner Flame              Hex/Fire       #.......     43%         3    ##.....
 Mephitic Cloud           Conj/Pois/Air  #.......     43%         3    ##.....
 Static Discharge         Conj/Air       #.......     43%         3    ##.....
 Yara's Violent Unravell  Hex/Tmut       ###.......   45%         5    #####..
 Airstrike                Air            #.........   73%         4    ####...
 Cause Fear               Hex            #.........   73%         4    ####...
 Sticky Flame             Conj/Fire      #.......     73%         4    ####...
 Bolt of Magma            Conj/Fire/Erth #.........   94%         5    #####..
 Fireball                 Conj/Fire      #.........   94%         5    #####..
 Iskenderun's Battlesphe  Conj/Chrm      #.......     94%         5    #####..
 Lightning Bolt           Conj/Air       #.........   94%         5    #####..
 Metabolic Englaciation   Hex/Ice        #.........   94%         5    #####..
 Silence                  Hex/Air        #.........   94%         5    #####..
 Deflect Missiles         Chrm/Air       #.........   100%        6    #######
 Iron Shot                Conj/Erth      #.........   100%        6    #######
 Orb of Destruction       Conj           #.........   100%        7    #######
 Spellforged Servitor     Conj/Summ      #.........   100%        7    #######
 Discord                  Hex            #.........   100%        8    #######


Dungeon Overview and Level Annotations

Branches:
Dungeon (10/15)            Temple (0/1) D:6            Lair (2/6) D:9
  Swamp: Lair:2-4    Shoals: Lair:2-4     Snake: Lair:2-4    Spider: Lair:2-4
    Orc: D:9-12

Altars:
Ashenzari
Cheibriados
Elyvilon
Gozag
Hepliaklqana
Kikubaaqudgha
Nemelex Xobeh
Qazlal
Vehumet
Wu Jian
Zin

Shops:
D:6 :   D:10 (

Annotations:
D:10 Harold


Innate Abilities, Weirdness & Mutations

You can breathe blasts of noxious fumes.
Your lurid green scales are hard. (AC +8)
You cannot fit into any form of body armour.
Your system is resistant to poisons. (rPois)
You are cold-blooded and may be slowed by cold attacks.


Message History

The wolf bites you.
* * * LOW HITPOINT WARNING * * *
The wolf barely misses you. The wolf bites you.
* * * LOW HITPOINT WARNING * * *
The wolf closely misses you.
The wolf pauses to sniff the ground.
The wolf barely misses you.
You climb upwards.
There is a stone staircase leading down, spattered with blood here.
You feel better. The wolf bites you but does no damage. The wolf bites you.
* * * LOW HITPOINT WARNING * * *
The wolf bites you but does no damage. x2; The wolf bites you.
* * * LOW HITPOINT WARNING * * *
As you read the scroll of teleportation, it crumbles to dust.
You feel strangely unstable. The wolf bites you!
* * * LOW HITPOINT WARNING * * *
The wolf bites you but does no damage. The wolf bites you.
* * * LOW HITPOINT WARNING * * *
The wolf misses you. The wolf closely misses you. The wolf bites you!
You die...

.......####..#....P###........###
.......# #.......## #.....#..##.
.......# ##.......# #........###
...<...###...###..# #.....##..##
........###...##..####....P#...(.
.......#.#P...##..#.##.....#..##.
.............###..............##.
#####........###.#............#..
## ##..#.##.#.#h@..###P.).....##.
.# #...######..h.h..###.......##.
## #...P###.....♣.....#.......#P.
# ##..##.#...##.#....##......##.
# #..##....###..##..........##.
## #..##...##..#.#.#...#.....##.
.####..#.....##...##.....##...##.
.#.##.+.......................##.
......#♣.....♣..>..♣.....♣#...#..


You could see 3 wolves.

Vanquished Creatures
  Erica (D:9)
  2 two-headed ogres (D:10)
  Urug (Lair:1)
  Nergalle (Lair:1)
  Sonja (Lair:1)
  Pikel (D:6)
  A wolf spider zombie (D:10)
  The ghost of Scuka the Charmwright, a novice GnSk (D:5)
  A black mamba (Lair:1)
  Maggie (D:6)
  A rime drake (Lair:1)
  Psyche (D:9)
  2 spiny frogs
  A troll (D:9)
  7 blink frogs (Lair:1)
  A hippogriff (D:7)
  A spriggan (D:8)
  4 yaks (Lair:1)
  3 hungry ghosts
  Edmund (D:5)
  4 water moccasins (Lair:1)
  4 black bears
  2 orc warriors
  3 sky beasts
  A necrophage (D:6)
  2 slaves (D:6)
  12 ogres
  3 ice beasts
  18 wolves
  6 centaurs
  4 crocodiles (Lair:1)
  A big kobold (D:7)
  5 bullfrogs
  A gnoll sergeant (D:10)
  4 scorpions
  24 killer bees
  5 wights
  3 howler monkeys
  2 crimson imps
  A bullfrog zombie (D:9)
  3 orc priests
  A centaur skeleton (D:10)
  3 bullfrog skeletons
  A gnoll shaman (D:4)
  7 hounds
  4 jellies
  9 orc wizards
  2 iguanas
  12 worker ants
  A killer bee zombie (D:7)
  2 hound zombies
  A hound skeleton (D:8)
  A worker ant zombie (D:7)
  Robin (D:2)
  14 gnolls
  6 adders
  2 shadow imps (D:5)
  An ooze (D:2)
  2 adder skeletons (D:4)
  2 worms
  A dart slug (D:1)
  7 leopard geckos
  29 orcs
  2 ball pythons
  4 bats
  4 giant cockroaches
  12 goblins
  12 hobgoblins
  10 jackals
  19 kobolds
  5 quokkas
  3 frilled lizards
  2 jackal skeletons
  4 rats
327 creatures vanquished.

Vanquished Creatures (others)
  A worker ant (D:7)
  A plant (Lair:2)
2 creatures vanquished.

Grand Total: 329 creatures vanquished

Notes
Turn   | Place    | Note
-------+----------+-------------------------------------------
     0 | D:1      | kae the Draconian Transmuter began the quest for the Orb.
     0 | D:1      | Reached XP level 1. HP: 16/16 MP: 3/3
    18 | D:1      | Reached XP level 2. HP: 7/23 MP: 3/5
   596 | D:1      | Reached XP level 3. HP: 28/28 MP: 6/6
   917 | D:2      | Reached skill level 4 in Unarmed Combat
   939 | D:2      | Reached XP level 4. HP: 32/35 MP: 5/7
  1002 | D:2      | Noticed Robin
  1029 | D:2      | Killed Robin
  2012 | D:3      | Reached XP level 5. HP: 37/40 MP: 9/9
  2556 | D:2      | Learned a level 2 spell: Sticks to Snakes
  2560 | D:2      | Learned a level 3 spell: Spider Form
  2765 | D:3      | Found a snail-covered altar of Cheibriados.
  2766 | D:3      | Found an ornate altar of the Wu Jian Council.
  2770 | D:3      | Became a worshipper of the Wu Jian Council
  2777 | D:3      | Reached skill level 5 in Unarmed Combat
  2850 | D:3      | Reached XP level 6. HP: 45/47 MP: 6/11
  3641 | D:4      | Reached skill level 6 in Unarmed Combat
  3641 | D:4      | Your scales start taking on a lurid green colour.
  3641 | D:4      | Reached XP level 7. HP: 35/52 MP: 5/12
  3641 | D:4      | Gained mutation: Your system is resistant to poisons.
                  | (rPois) [Green Draconian growth]
  4167 | D:4      | Reached * piety under Wu Jian
  4472 | D:5      | Entered Level 5 of the Dungeon
  4561 | D:5      | Reached skill level 7 in Unarmed Combat
  4592 | D:5      | Reached XP level 8. HP: 20/59 MP: 4/14
  4677 | D:5      | Reached skill level 5 in Transmutations
  4926 | D:5      | Found a runed translucent door.
  4938 | D:5      | Noticed Scuka's ghost (novice GnSk)
  5075 | D:5      | Reached skill level 5 in Spellcasting
  5390 | D:5      | Noticed Edmund
  5408 | D:5      | Killed Edmund
  5408 | D:5      | Reached skill level 8 in Unarmed Combat
  5761 | D:5      | Learned a level 4 spell: Ice Form
  5767 | D:5      | Learned a level 5 spell: Blade Hands
  5814 | D:5      | Killed Scuka's ghost
  5814 | D:5      | Reached skill level 9 in Unarmed Combat
  5814 | D:5      | Reached XP level 9. HP: 46/64 MP: 1/17
  5927 | D:6      | Found Genos's Book Shop.
  5927 | D:6      | Noticed Maggie
  5953 | D:6      | Found a radiant altar of Vehumet.
  5955 | D:6      | Found a stormy altar of Qazlal.
  5955 | D:6      | Found a glowing silver altar of Zin.
  5955 | D:6      | Noticed Pikel
  6005 | D:6      | Found a sparkling altar of Nemelex Xobeh.
  6005 | D:6      | Found a shattered altar of Ashenzari.
  6005 | D:6      | Found an ancient bone altar of Kikubaaqudgha.
  6022 | D:6      | Found a white marble altar of Elyvilon.
  6060 | D:6      | Found an opulent altar of Gozag.
  6499 | D:6      | Found a hazy altar of Hepliaklqana.
  6772 | D:6      | Killed Maggie
  7086 | D:6      | Reached ** piety under Wu Jian
  7086 | D:6      | Reached skill level 10 in Unarmed Combat
  7096 | D:6      | Found a staircase to the Ecumenical Temple.
  7249 | D:6      | Killed Pikel
  7690 | D:7      | Reached XP level 10. HP: 43/71 MP: 17/20
  7881 | D:7      | HP: 2/71 [killer bee (3)]
  7888 | D:7      | HP: 3/71 [killer bee (2)]
  8914 | D:7      | Reached skill level 11 in Unarmed Combat
  9833 | D:8      | Reached *** piety under Wu Jian
 10951 | D:9      | Noticed Psyche
 10958 | D:9      | Killed Psyche
 11137 | D:9      | Reached skill level 12 in Unarmed Combat
 11196 | D:9      | Noticed Erica
 11199 | D:9      | Killed Erica
 11199 | D:9      | Reached XP level 11. HP: 77/77 MP: 16/23
 11600 | D:9      | Found a staircase to the Lair.
 11740 | D:10     | Entered Level 10 of the Dungeon
 12089 | D:10     | Reached **** piety under Wu Jian
 12173 | D:10     | Noticed Harold
 12181 | D:10     | Noticed a two-headed ogre
 12529 | D:10     | Found Hikoj's Weapon Shop.
 12600 | D:10     | Killed a two-headed ogre
 12855 | D:10     | Noticed a two-headed ogre
 12874 | D:10     | Killed a two-headed ogre
 13130 | Lair:1   | Entered Level 1 of the Lair of Beasts
 13144 | Lair:1   | Reached skill level 13 in Unarmed Combat
 13573 | Lair:1   | Reached skill level 10 in Transmutations
 13648 | Lair:1   | Noticed Urug
 13952 | Lair:1   | Killed Urug
 14327 | Lair:1   | Reached skill level 5 in Fighting
 14436 | Lair:1   | Noticed Sonja
 14460 | Lair:1   | Killed Sonja
 14771 | Lair:1   | Reached XP level 12. HP: 87/97 MP: 13/25
 15137 | Lair:2   | Noticed Nergalle
 15144 | Lair:1   | Killed Nergalle
 15966 | Lair:1   | Slain by a wolf

Levels and vault maps discovered:
D:1:      dpeg_arrival_refuge, layout_rooms
D:2:      layout_basic, uniq_robin
D:3:      layout_rooms, gammafunk_temple_overflow_statue
D:4:      minmay_thinvault, layout_layer_cave, first_ration
D:5:      layout_rooms, ebering_ghost_inner_flame, uniq_edmund
D:6:      layout_cave_pools, nicolae_overflow_crystal_walls,
          grunt_temple_overflow_open, minmay_temple_entry_waves, serial_shops,
          shop, uniq_maggie, uniq_pikel
D:7:      layout_basic
D:8:      layout_basic, grunt_pizzeria
D:9:      layout_roguey, lair_entry_dummy, lightli_fourway_metalbox,
          uniq_psyche, uniq_erica
D:10:     layout_roguey, serial_shops, shop, uniq_harold
Lair:1:   layout_long_grid, gauntlet_entry_generic, serial_bayou_shore_a,
          grunt_megastairs_5, uniq_urug, uniq_sonja
Lair:2:   layout_gridlike, minmay_hedge_maze, st_stairs_5,
          grunt_forest_large_clearings, lemuel_fruit_fields, uniq_nergalle

Skill      XL: |  1  2  3  4  5  6  7  8  9 10 11 12 |
---------------+-------------------------------------+-----
Unarmed Combat | 4 5 6 7 9 10 12 13 | 13.0
Transmutations | 3 4 6 7 8 10 | 10.0
Spellcasting   | 3 4 5 6 8 9 |  9.0
Fighting       | 6 8 |  8.8
Dodging        | |  1.7

Action                   |  1- 3 |  4- 6 |  7- 9 | 10-12 || total
-------------------------+-------+-------+-------+-------++-------
Melee: Unarmed           |    86 |    48 |   245 |   473 ||   852
       Tailslap          |     5 |    11 |    18 |    21 ||    55
       Kick              |     3 |       |       |       ||     3
       Headbutt          |     8 |     9 |     1 |     5 ||    23
       Whip              |       |    96 |   131 |    56 ||   283
       Punch             |       |     1 |     1 |    10 ||    12
 Cast: Beastly Appendage |    15 |    17 |     3 |     1 ||    36
       Spider Form       |       |    10 |    30 |    30 ||    70
       Blade Hands       |       |       |     1 |    14 ||    15
       Ice Form          |       |       |       |    13 ||    13
Invok: Lunge             |       |     7 |    17 |    43 ||    67
       Whirlwind         |       |       |    16 |    33 ||    49
 Abil: Breathe Noxious F |       |       |     4 |     6 ||    10
       End Transformatio |       |       |       |     1 ||     1
  Use: Scroll            |       |    12 |     7 |    13 ||    32
       Potion            |       |       |     8 |     5 ||    13
 Stab: Sleeping          |       |     1 |       |     2 ||     3
       Invisible         |       |       |     3 |       ||     3
       Confused          |       |       |     2 |     3 ||     5
  Eat: Chunk             |       |    10 |    15 |    35 ||    60
       Ration            |       |       |     1 |     1 ||     2
Armor: Skin              |    28 |    31 |    91 |   149 ||   299
Dodge: Dodged            |    75 |    73 |   272 |   345 ||   765

Table legend:
 A = Non-vault XP
 B = Vault XP
 C = Vault XP percentage of total XP
 D = Non-vault monster count
 E = Vault monster count
 F = Vault count percentage of total count
                 A         B        C        D         E       F
            +---------+---------+-------+---------+---------+-------
      Total |   16270 |    9671 |  37.3 |     268 |      58 |  17.8
            +---------+---------+-------+---------+---------+-------
        D:1 |      46 |       0 |   0.0 |      18 |       0 |   0.0
        D:2 |     113 |      37 |  24.7 |      24 |      12 |  33.3
        D:3 |     212 |       0 |   0.0 |      21 |       0 |   0.0
        D:4 |     577 |      93 |  13.9 |      23 |       7 |  23.3
        D:5 |    1230 |     786 |  39.0 |      26 |       3 |  10.3
        D:6 |    1048 |    1039 |  49.8 |      24 |       2 |   7.7
        D:7 |    2194 |       0 |   0.0 |      44 |       0 |   0.0
        D:8 |    1231 |     220 |  15.2 |      23 |       1 |   4.2
        D:9 |    1603 |    1755 |  52.3 |      17 |       6 |  26.1
       D:10 |    3761 |       0 |   0.0 |      30 |       0 |   0.0
     Lair:1 |    3830 |    4593 |  54.5 |      17 |      17 |  50.0
     Lair:2 |     425 |    1148 |  73.0 |       1 |      10 |  90.9
            +---------+---------+-------+---------+---------+-------
